 Dungeon Crawl Stone Soup version 0.28.0-53-g5a82cb258f (webtiles) character file.

Game seed: 9297944068257378044

245 Sin92 the Covered (level 5, -7/41 HPs)
             Began as a Demonspawn Fighter on June 2, 2022.
             Was an Initiate of Okawaru.
             Mangled by Sigmund
             ... wielding a +0 scythe
              (10 damage)
             ... on level 4 of the Dungeon.
             The game lasted 00:04:46 (3257 turns).

Sin92 the Covered (Demonspawn Fighter)              Turns: 3257, Time: 00:04:47

Health: -7/41      AC:  7    Str: 17    XL:     5   Next: 83%
Magic:  5/5        EV: 19    Int:  9    God:    Okawaru [......]
Gold:   160        SH:  0    Dex: 14    Spells: 4/4 levels left

rFire   + + .      SeeInvis .   (weapon currently unavailable)
rCold   + + .      Faith    .   (shield currently unavailable)
rNeg    + + +      Spirit   .   (armour currently unavailable)
rPois   ∞          Reflect  .   (helmet currently unavailable)
rElec   +          Harm     .   (cloak currently unavailable)
rCorr   +          Rampage  .   (gloves currently unavailable)
Will    .....                   (boots currently unavailable)
Stlth   +.........              (amulet currently unavailable)
HPRegen 0.13/turn               (ring currently unavailable)
MPRegen 0.09/turn               (ring currently unavailable)

@: mighty, lit by a corona, wisp-form, flying, glowing
A: insubstantial, flying, no casting, tiny, (antennae 1), (demonic guardian 2),
condensation shield
a: Renounce Religion


You were on level 4 of the Dungeon.
You worshipped Okawaru.
Okawaru was noncommittal.
You were an insubstantial wisp.
You visited 2 branches of the dungeon, and saw 5 of its levels.

You collected 160 gold pieces.

Inventory:

Hand Weapons
 a - a +1 long sword (melded)
Armour
 b - a +0 scale mail (melded)
 f - a +0 kite shield (melded)
 g - a +0 cloak (melded)
 k - a +0 helmet
 o - a +0 pair of boots (melded)
Wands
 j - a wand of paralysis (2)
Scrolls
 c - 4 scrolls of teleportation
 h - a scroll of amnesia
 i - 3 scrolls of enchant weapon
 n - a scroll of identify
 p - a scroll of blinking {unknown}
Potions
 e - 3 potions of degeneration
 m - a potion of lignification


   Skills:
 + Level 3.5 Fighting
 + Level 3.5 Long Blades
 + Level 3.5 Armour
 + Level 2.1 Dodging
 + Level 3.3 Shields
 + Level 0.5 Invocations


You had 4 spell levels left.
You didn't know any spells.
Your spell library contained the following spells:

 Spells                   Type           Power      Damage    Failure   Level
 Shock                    Conj/Air       0%         1d3       38%         1
 Swiftness                Air            0%         N/A       77%         3
 Airstrike                Air            0%         N/A       99%         4


Dungeon Overview and Level Annotations

Branches:
Dungeon (4/15)             Temple (1/1) D:4

Altars:
Ashenzari
Elyvilon
Fedhas
Gozag
Hepliaklqana
Makhleb
Nemelex Xobeh
Okawaru
Sif Muna
Trog
Uskayaw
Vehumet
Wu Jian
Xom
Yredelemnul
Zin
The Shining One

Shops:
D:3 =

Annotations:
D:4 Dowan, Duvessa, Sigmund


Innate Abilities, Weirdness & Mutations

You are an insubstantial wisp.
Your tiny insubstantial body is highly resistant to most damage types.
You are flying.
Your equipment is entirely melded.
You are incapable of wielding weapons or throwing items.
You cannot cast spells.
((You have a pair of small antennae on your head.))
((A demonic guardian rushes to your aid.))
A meltable shield of frost defends you. (SH +0)


Message History

There are monsters nearby!
You are too injured to fight recklessly!
Unknown command.
There are monsters nearby!
You are too injured to fight recklessly!
Unknown command.
You are too injured to fight recklessly!
You are too injured to fight recklessly!
Unknown command.
Duvessa zaps a wand.
You turn into an insubstantial wisp.
Your +1 long sword melds into your body.
Your +0 cloak melds into your body.
Your +0 pair of boots melds into your body.
Your +0 kite shield melds into your body.
Your +0 scale mail melds into your body.
You closely miss Dowan. Dowan misses you. Something hits you.
You barely miss Dowan. Dowan misses you.
You closely miss Dowan. Something hits you!
* * * LOW HITPOINT WARNING * * *
Dowan hits you with a +1 dagger of venom.
* * * LOW HITPOINT WARNING * * *
You feel better.
Dowan points at you and mumbles some strange words.
The puff of flame hits you. You resist. Something hits you!
* * * LOW HITPOINT WARNING * * *
You feel very mighty all of a sudden. Dowan hits you but does no damage.
You barely miss Dowan. Something hits you but does no damage. Dowan misses you.
You touch Dowan!
Dowan is heavily wounded.
Dowan hits you with a +1 dagger of venom.
* * * LOW HITPOINT WARNING * * *
You barely miss Dowan.
Dowan is heavily wounded.
Something hits you.
* * * LOW HITPOINT WARNING * * *
You barely miss Duvessa.
Duvessa is lightly wounded.
Something hits you!
You die...

#### ########### #..
........).. ... #######.###
# #.#.# #.).. ..: #.#.#
#)).. #..#######.#.# #....
##......eev.#.#########....
........{##>...............
.........##.#.#########....
.........##.#.#########....
.........##...............)
.[...=...####............##
.........# #....#...#.....
.........####'...#.⌠.#.....
...............###...###^..


You could see Duvessa and Dowan.

Vanquished Creatures
  A wyvern skeleton (D:3)
  A howler monkey (D:4)
  An orc priest (D:4)
  An orc wizard (D:4)
  An adder (D:2)
  4 dart slugs
  8 orcs
  5 bats
  2 endoplasms
  5 giant cockroaches
  5 goblins
  3 hobgoblins
  7 jackals
  9 kobolds
  2 quokkas
  6 ball pythons
  3 frilled lizards
  7 rats
71 creatures vanquished.

Notes
Turn   | Place    | Note
-------+----------+-------------------------------------------
     0 | D:1      | Sin92 the Demonspawn Fighter began the quest for the Orb.
     0 | D:1      | Reached XP level 1. HP: 18/18 MP: 1/1
   148 | D:1      | Gained mutation: You have a pair of small antennae on your
                  | head. [demonic ancestry]
   148 | D:1      | Reached XP level 2. HP: 22/24 MP: 2/2
   949 | D:2      | Gained mutation: A meltable shield of frost defends you.
                  | (SH +0) [demonic ancestry]
   949 | D:2      | Reached XP level 3. HP: 28/29 MP: 3/3
   954 | D:2      | Reached skill level 1 in Dodging
  1195 | D:2      | Found a faded altar of an unknown god.
  1751 | D:3      | Gained mutation: A weak demonic guardian rushes to your
                  | aid. [demonic ancestry]
  1751 | D:3      | Reached XP level 4. HP: 22/35 MP: 4/4
  2095 | D:3      | Found Gahisu's Jewellery Emporium.
  2192 | D:3      | Found a shimmering altar of Xom.
  2237 | D:3      | Gained mutation: A demonic guardian rushes to your aid.
                  | [demonic ancestry]
  2237 | D:3      | Reached XP level 5. HP: 38/41 MP: 5/5
  3069 | D:4      | Found a staircase to the Ecumenical Temple.
  3081 | Temple   | Entered the Ecumenical Temple
  3163 | Temple   | Became a worshipper of Warmaster Okawaru
  3240 | D:4      | Noticed Duvessa
  3240 | D:4      | Noticed Sigmund
  3240 | D:4      | Noticed Dowan
  3257 | D:4      | Mangled by Sigmund

Illustrated notes

Levels and vault maps discovered:
D:1:      minmay_arrival_solitary_statue, layout_basic
D:2:      layout_rooms, shapermc_ecumenical_altar_acropolis, minmay_tetromino_l2
D:3:      layout_loops_ring, xom_butterflies, serial_shops, shop
D:4:      layout_basic, minmay_temple_entry_junction_2, uniq_duvessa,
          uniq_sigmund
Temple:   compressed_dpeg_circular_temple

Skill      XL: |  1  2  3  4  5 |
---------------+----------------+-----
Long Blades    | 2 3 |  3.5
Dodging        | 1 2 |  2.1
Armour         | 3 |  3.5
Shields        | 3 |  3.3
Fighting       | |  3.5
Invocations    | |  0.5

Action                   |  1- 3 |  4- 6 || total
-------------------------+-------+-------++-------
Melee: Long sword        |   133 |    73 ||   206
       Unarmed           |       |     7 ||     7
  Use: Scroll            |     1 |     6 ||     7
       Potion            |       |     2 ||     2
Armor: Scale mail        |    78 |    39 ||   117
       Skin              |       |     2 ||     2
Dodge: Dodged            |    75 |    25 ||   100
Block: Buckler           |    22 |       ||    22
       Kite shield       |    49 |    47 ||    96
